 Dungeon Crawl Stone Soup version 0.31-a0-303-gdc8c9485ea (webtiles) character file.

Game seed: 8071199104224041233

528752 Shard1697 the Worldbinder (level 24, -3/217 HPs)
             Began as a Pale Draconian Ice Elementalist on July 16, 2023.
             Was an Initiate of Gozag.
             Engulfed by a cloud of flame (5 damage)
             ... while paralysed by a great orb of eyes
             ... on level 5 of the Pits of Slime.
             The game lasted 02:38:30 (70701 turns).

Shard1697 the Worldbinder (DrIE)                   Turns: 70701, Time: 02:38:31

Health: -3/217     AC: 14    Str: 13    XL:     24   Next: 35%
Magic:  22/37      EV:  2    Int: 29    God:    Gozag
Gold:   9156       SH:  0    Dex: 17    Spells: 13/43 levels left

rFire   + + .        a - +9 morningstar (elec)
rCold   + . .        o - +5 kite shield {AC+3}
rNeg    + + .        (body armour unavailable)
rPois   .            u - +2 hat of Muyl {rN+ Int+3}
rElec   +            U - scarf {rC+ rF+}
rCorr   +            p - +0 pair of fencer's gloves {Riposte Dex+3}
SInv    .            g - +3 pair of seven-league boots {Rampage+∞}
Will    .....        F - amulet "Aquubepp" {Reflect rElec Will- Regen+ rCorr SH+5}
Stlth   +++          D - ring of Knowledge {rElec AC+4 Int+3}
HPRegen 1.36/turn    C - ring of Dips {rF+ rN+ EV+5}
MPRegen 0.25/turn

%: reflection, rampage+∞
@: paralysed, mighty, corroded, gold aura, hasted, studying Stealth
A: breathe steam, AC +12, unfitting armour, cold-blooded, steam resistance,
stinger 1
}: 3/15 runes: barnacled, silver, gossamer
a: Breathe Steam, Renounce Religion, Potion Petition, Call Merchant, Bribe
Branch


You were on level 5 of the Pits of Slime.
You worshipped Gozag.
Gozag was greatly pleased with you.
You visited 9 branches of the dungeon, and saw 47 of its levels.
You visited 1 bazaar.
You also visited: Wizlab.

You collected 26324 gold pieces.
You spent 10305 gold pieces at shops.
You paid 6863 gold pieces to Gozag.

Inventory:

Hand Weapons
 a - a +9 morningstar of electrocution (weapon)
 b - a +2 demon whip of freezing
Armour
 g - the +3 pair of seven-league boots (worn) {Rampage+∞}
   (You found it on level 2 of the Vaults)

   Rampage+∞: When moving toward enemies, its wearer moves as far as possible,
   alerting their target en route.
 o - a +5 kite shield of protection (worn)
 p - the +0 pair of fencer's gloves (worn) {Riposte Dex+3}
   (You bought it in a shop on level 5 of the Dungeon)

   Riposte:   It allows the wearer to riposte with melee weapons, swiftly
   retaliating against missed or blocked melee attacks.
   Dex:       It affects your dexterity (+3).
 u - the +2 hat of Muyl (worn) {rN+ Int+3}
   (You found it in a wizard's laboratory)

   Int:       It affects your intelligence (+3).
   rN:        It protects you from negative energy.
 I - a +2 cloak of preservation
 U - a scarf of resistance (worn)
Jewellery
 r - the amulet "Hiell" {Reflect Int+2 SH+5}
   (You acquired it on level 5 of the Dungeon)

   [amulet of reflection]

   It reflects blocked missile attacks.
   Int:       It affects your intelligence (+2).
   SH:        It affects your SH (+5).
 A - the ring of the Mage {Wiz Archmagi}
   (You bought it in a shop on level 2 of the Elven Halls)

   [ring of wizardry]

   It improves your spell success rate.
   Archmagi:  It increases the power of your magical spells.
 C - the ring of Dips (right hand) {rF+ rN+ EV+5}
   (You found it on level 2 of the Depths)

   [ring of evasion]

   EV:        It affects your evasion (+5).
   rF:        It protects you from fire.
   rN:        It protects you from negative energy.
 D - the ring of Knowledge (left hand) {rElec AC+4 Int+3}
   (You bought it in a shop on level 7 of the Dungeon)

   [ring of protection]

   AC:        It affects your AC (+4).
   Int:       It affects your intelligence (+3).
   rElec:     It insulates you from electricity.
 F - the amulet "Aquubepp" (around neck) {Reflect rElec Will- Regen+ rCorr SH+5}
   (You found it on level 4 of the Vaults)

   [amulet of reflection]

   It reflects blocked missile attacks.
   rElec:     It insulates you from electricity.
   Regen:     It increases your rate of health regeneration.
   rCorr:     It protects you from acid and corrosion.
   SH:        It affects your SH (+5).
   Will:      It decreases your willpower.
 G - the ring of Guash {Fly rElec rPois Will+}
   (You found it on level 2 of the Depths)

   [ring of flight]

   rElec:     It insulates you from electricity.
   rPois:     It protects you from poison.
   Fly:       It grants you flight.
   Will:      It increases your willpower.
 P - a ring of see invisible
 Q - a ring of protection from cold
 V - the ring of Apiquisi {AC+4 Str+3 Int+3}
   (You bought it in a shop on level 7 of the Dungeon)

   [ring of protection]

   AC:        It affects your AC (+4).
   Str:       It affects your strength (+3).
   Int:       It affects your intelligence (+3).
Talismans
 x - a talisman of death
Wands
 z - a wand of paralysis (41)
 E - a wand of digging (29)
 K - a wand of iceblast (45)
 M - a wand of acid (25)
 O - a wand of mindburst (35)
Scrolls
 h - 6 scrolls of fear
 k - 11 scrolls of fog
 n - 10 scrolls of teleportation
 s - 9 scrolls of brand weapon
 t - 4 scrolls of amnesia
 w - 10 scrolls of enchant armour
 y - 10 scrolls of blinking
 B - 4 scrolls of revelation
 J - 38 scrolls of identify
 R - 4 scrolls of enchant weapon
 Y - 6 scrolls of summoning
Potions
 c - 2 potions of mutation
 d - 5 potions of might
 e - 21 potions of curing
 f - 11 potions of haste
 i - 11 potions of brilliance
 j - 3 potions of magic
 l - 3 potions of enlightenment
 m - 3 potions of heal wounds
 q - 5 potions of resistance
 H - 9 potions of lignification
 L - 6 potions of berserk rage
 T - a potion of cancellation
 W - 8 potions of ambrosia
 Z - 3 potions of invisibility
Miscellaneous
 v - a lightning rod (2/4)
 N - a condenser vane (inert)


   Skills:
 - Level 18.2 Fighting
 - Level 21.0 Maces & Flails
 - Level 17.0 Dodging
 - Level 5.2 Stealth
 - Level 15.0 Shields
 - Level 10.0 Spellcasting
 + Level 25.8 Summonings
 - Level 5.0 Necromancy
 - Level 6.0 Translocations
 - Level 9.6 Ice Magic
 - Level 8.2 Evocations


You had 13 spell levels left.
You knew the following spells:

 Your Spells              Type           Power      Damage    Failure   Level
a - Passage of Golubria   Tloc           49%        N/A       6%          4
b - Blink                 Tloc           98%        N/A       1%          2
c - Manifold Assault      Tloc           49%        N/A       6%          4
e - Sublimation of Blood  Necr           43%        N/A       1%          2
f - Ozocubu's Armour      Ice            63%        N/A       1%          3
g - Summon Hydra          Summ           52%        N/A       1%          7
t - Summon Horrible Thin  Summ           52%        N/A       1%          8

Your spell library contained the following spells:

 Spells                   Type           Power      Damage    Failure   Level
 Summon Small Mammal      Summ           100%       N/A       0%          1
 Call Imp                 Summ           100%       N/A       0%          2
 Call Canine Familiar     Summ           100%       N/A       0%          3
 Apportation              Tloc           98%        N/A       1%          1
 Freeze                   Ice            100%       1d10      1%          1
 Necrotise                Necr           100%       1d9       1%          1
 Lesser Beckoning         Tloc           98%        N/A       1%          2
 Frozen Ramparts          Ice            100%       1d16      1%          3
 Gell's Gravitas          Tloc           49%        N/A       1%          3
 Summon Guardian Golem    Hex/Summ       74%        N/A       1%          3
 Teleport Other           Tloc           49%        N/A       1%          3
 Summon Ice Beast         Ice/Summ       87%        N/A       1%          4
 Summon Lightning Spire   Summ/Air       74%        N/A       1%          4
 Summon Mana Viper        Hex/Summ       74%        N/A       1%          5
 Monstrous Menagerie      Summ           52%        N/A       1%          7
 Kiss of Death            Conj/Necr      100%       2d13      2%          1
 Hailstorm                Conj/Ice       42%        3d10      2%          3
 Momentum Strike          Conj/Tloc      62%        3d9       3%          2
 Cigotuvi's Dreadful Rot  Necr/Pois/Air  48%        N/A       5%          2
 Portal Projectile        Hex/Tloc       62%        N/A       6%          3
 Vhi's Electric Charge    Tloc/Air       62%        N/A       6%          3
 Volatile Blastmotes      Fire/Tloc      62%        2d15      6%          3
 Magic Dart               Conj           56%        1d5       7%          1
 Sandblast                Erth           28%        2d8       7%          1
 Shock                    Conj/Air       56%        1d6       7%          1
 Dispel Undead            Necr           43%        3d17      9%          4
 Malign Gateway           Summ/Tloc      41%        N/A       9%          7
 Passwall                 Tmut/Erth      11%        N/A       11%         2
 Poisonous Vapours        Pois/Air       28%        N/A       11%         2
 Scorch                   Fire           28%        2d6       11%         2
 Static Discharge         Conj/Air       28%        2-4/arc   11%         2
 Wereblood                Tmut           14%        N/A       11%         2
 Ignite Poison            Fire/Tmut/Pois 14%        N/A       21%         3
 Inner Flame              Hex/Fire       14%        N/A       21%         3
 Mephitic Cloud           Conj/Pois/Air  14%        N/A       21%         3
 Stone Arrow              Conj/Erth      28%        3d8       21%         3
 Tukima's Dance           Hex            14%        N/A       21%         3
 Iskenderun's Mystic Bla  Conj/Tloc      31%        2d8       21%         4
 Agony                    Necr           43%        N/A       24%         5
 Spellforged Servitor     Conj/Summ      37%        N/A       28%         7
 Freezing Cloud           Conj/Ice/Air   16%        6-21      45%         5
 Airstrike                Air            7%         2d(1-17)  56%         4
 Cause Fear               Hex            7%         N/A       56%         4
 Flame Wave               Conj/Fire      14%        2d6       56%         4
 Leda's Liquefaction      Hex/Erth       7%         N/A       56%         4
 Olgreb's Toxic Radiance  Pois           14%        N/A       56%         4
 Petrify                  Tmut/Erth      14%        N/A       56%         4
 Sticky Flame             Conj/Fire      14%        2d4       56%         4
 Borgnjor's Vile Clutch   Necr/Erth      14%        N/A       56%         5
 Dispersal                Tloc           24%        N/A       65%         6
 Death Channel            Necr           21%        N/A       80%         6
 Alistair's Intoxication  Tmut/Pois      9%         N/A       88%         5
 Arcjolt                  Conj/Air       7%         1d17      88%         5
 Irradiate                Conj/Tmut      7%         3d14      88%         5
 Iskenderun's Battlesphe  Conj           14%        2d7       88%         5
 Lee's Rapid Deconstruct  Erth           7%         3d6*      88%         5
 Silence                  Hex/Air        7%         N/A       88%         5
 Leda's Unmaking          Conj/Erth      7%         9d2       100%        6
 Plasma Beam              Fire/Air       7%         2x1d17    100%        6
 Discord                  Hex            7%         N/A       100%        8
 Disjunction              Tloc           24%        N/A       100%        8
 Ignition                 Fire           7%         3d4       100%        8
 Lehudib's Crystal Spear  Conj/Erth      7%         10d3      100%        8
 Maxwell's Capacitive Co  Air            7%         ∞         100%        8
 Chain Lightning          Conj/Air       7%         3d9       100%        9
 Death's Door             Necr           21%        N/A       100%        9
 Fire Storm               Conj/Fire      7%         8d2       100%        9
 Shatter                  Erth           7%         3d9*      100%        9
 Animate Dead             Necr           Unusable   N/A       N/A         4
 Simulacrum               Ice/Necr       Unusable   N/A       N/A         6

Dungeon Overview and Level Annotations

Branches:
Dungeon (15/15)            Temple (0/1) D:6            Lair (5/5) D:9
 Shoals (4/4) Lair:2       Spider (4/4) Lair:2        Slime (5/5) Lair:5
    Orc (2/2) D:9             Elf (3/3) Orc:2        Vaults (5/5) D:14
  Crypt (0/3) Vaults:3     Depths (4/4) D:15            Zot (0/5) Depths:4
 WizLab (visited)

Altars:
Ashenzari
Dithmenos
Elyvilon
Gozag
Kikubaaqudgha
Makhleb
Okawaru
Qazlal
Trog
Uskayaw
Vehumet
Wu Jian
Xom
The Shining One
Jiyva

Shops:
D:5 [   D:7 [[?=   D:10 =   D:13 =   Orc:1 *   Orc:2 (*![   Elf:1 (:   Elf:2 =
Shoals:3 **   Shoals:4 *   Slime:1 :(   Vaults:4 (:(?

Portals:
Hell: Depths:1 Depths:2 Depths:3 Depths:4
Abyss: Depths:3 Depths:4
Pandemonium: Depths:2 Depths:4
Ziggurat: Depths:1
Trove: Depths:1 (give 2 scrolls of acquirement)

Annotations:
D:10 2 transporters
D:14 2 transporters, exclusion: orange crystal statue, Opnastoc's ghost, journeyman MiBe
Shoals:1 6 transporters
Shoals:3 Bai Suzhen
Slime:5 Royal Jelly
Depths:2 2 transporters


Innate Abilities, Weirdness & Mutations

You can breathe blasts of scalding, opaque steam.
Your pale cyan-grey scales are hard. (AC +12)
You cannot fit into any form of body armour.
You are cold-blooded and may be slowed by cold attacks.
You are immune to the effects of steam.
Your tail ends in a venomous barb.


Message History

The acid blob is distracted by your dazzling golden aura.
The acid blob quivers.
* * * LOW HITPOINT WARNING * * *
Your lungs strain for air!
The quicksilver ooze is no longer distracted by gold.
The quicksilver ooze hits you.
The quicksilver ooze hits you but does no damage.
The quicksilver ooze is engulfed in freezing vapours.
The acid blob hits you but does no damage.
The quicksilver ooze completely misses you.
The quicksilver ooze hits you.
* * * LOW HITPOINT WARNING * * *
You feel your power leaking away. The great orb of eyes gazes at you.
You feel your power leaking away. The large slime creature hits you!!
* * * LOW HITPOINT WARNING * * *
The enormous slime creature is distracted by your dazzling golden aura.
The rockslime is engulfed in negative energy.
The rockslime is drained!
The rockslime hits you.
* * * LOW HITPOINT WARNING * * *
You are shoved backwards!
Found 22 gold pieces, a buckler and a wand of flame (7).
The acid blob spits acid at you. The splash of acid hits you! You resist.
* * * LOW HITPOINT WARNING * * *
The ooze engulfing you falls away.
You gasp with relief as air once again reaches your lungs.
The quicksilver ooze is engulfed in freezing vapours.
The acid blob is engulfed in freezing vapours.
The shining eye is engulfed in acidic fog.
You kill the shining eye!
The acid blob hits you.
* * * LOW HITPOINT WARNING * * *
The acid corrodes you!
You are splashed with acid.
You resist.
* * * LOW HITPOINT WARNING * * *
The enormous slime creature quivers.
You are engulfed in blazing flames.
You resist.
You die...
Your body crumbles into a pile of gold.

$ $$ $$ $$
/[$#........... $
)?##........... $ $
/!#............ $
[##............ $
$#.............
##...§..§☼§....
#...§§§GJ.§....
#....§J@JJ§§§..
.....§JJJJ.§...
....§JJJJ§§.§.. ....
#.....J§J.§.J.. ....
#.......§§.....
....#####.............
.....................
....
#.#.#.#............
....
#.....#............


You could see the Royal Jelly, 4 acid blobs, a great orb of eyes (corroded), an
enormous slime creature, 2 large slime creatures, a slime creature, 3 rockslimes
and 3 quicksilver oozes.

Vanquished Creatures
  Mara (Spider:3)
  An ancient lich (Vaults:5)
  2 golden dragons
  A caustic shrike (Depths:3)
  Jory (Vaults:2)
  A bone dragon (Depths:4)
  A walking crystal tome (Depths:3)
  3 tentacled monstrosities
  4 liches
  Mlioglotl (Spider:1)
  3 acid blobs
  A walking divine tome (WizLab)
  A quicksilver dragon (Depths:3)
  A sphinx (Vaults:3)
  4 shadow dragons
  6 tengu reavers
  A storm dragon (Depths:4)
  3 fire giants
  A rockslime (Slime:4)
  Kirke (Lair:3)
  3 azure jellies
  3 ghost moths
  A deep elf elementalist (Elf:3)
  3 frost giants
  An iron dragon (Depths:1)
  An emperor scorpion (Spider:3)
  5 deep elf sorcerers
  3 vault wardens
  2 balrugs
  6 ironbound preservers
  9 broodmothers
  A quicksilver ooze (Slime:5)
  13 stone giants
  An orc warlord (Orc:1)
  21 very ugly things
  Nessos (D:14)
  A green draconian (Depths:4)
  4 vampire knights
  The ghost of knightboat the Basher, a journeyman DrSh of Okawaru (Lair:4)
  5 ironbound thunderhulks
  A white draconian (Depths:4)
  2 dire elephants (Vaults:2)
  3 deep elf demonologists
  2 black draconians (Depths:4)
  4 deep elf annihilators (Elf:3)
  2 red draconians (Depths:4)
  9 spark wasps
  4 ettins
  2 merfolk javelineers
  3 deep elf death magi
  4 entropy weavers
  9 yaktaur captains
  A jiangshi (Depths:1)
  4 deep elf high priests
  A hell beast (Depths:1)
  4 hydras
  5 fire dragons
  7 ice dragons
  3 merfolk impalers
  2 rakshasas
  10 spriggan air magi
  11 great orbs of eyes
  18 vault guards
  Erica (D:8)
  A catoblepas (Lair:5)
  A salamander tyrant (Depths:3)
  9 two-headed ogres
  8 centaur warriors
  A jorogumo (Spider:3)
  3 ogre magi
  10 boulder beetles
  5 ironbound frosthearts
  2 radroaches (Spider:4)
  3 merfolk avatars
  10 demonic crawlers
  8 death yaks
  2 merfolk aquamancers
  4 deep troll shamans
  4 deep troll earth magi
  A hell hog (Depths:3)
  14 dancing weapons
  2 vampire magi
  An orc high priest (Orc:1)
  6 tengu warriors
  The ghost of Quretux the Ducker, a novice GnHs of Hepliaklqana (Lair:1)
  4 spriggan berserkers
  21 deep elf knights
  A sun demon (Depths:4)
  Nergalle (Lair:3)
  7 hell knights (Depths:1)
  A salamander mystic (Depths:3)
  2 skysharks
  Amaemon (Lair:1)
  A death drake (shapeshifter) (Elf:1)
  An iron troll (Depths:2)
  3 pharaoh ants
  4 sea snakes
  4 orb spiders
  A spark wasp zombie (Depths:3)
  A flayed ghost (Depths:3)
  11 deep elf archers
  38 deep trolls
  A golden dragon skeleton (Depths:3)
  9 ironbound convokers
  6 orc knights
  7 lindwurms
  5 wizards
  3 phantasmal warriors
  13 wolf spider zombies (Spider:3)
  4 steelbarb worms
  8 necromancers
  20 deep elf pyromancers
  9 harpies
  18 ugly things
  14 deep elf zephyrmancers
  An orc sorcerer (Elf:1)
  22 wolf spiders
  A shining eye (Slime:5)
  A shadow dragon skeleton (Depths:3)
  A frost giant zombie (Vaults:3)
  11 manticores
  A merfolk siren (Shoals:2)
  5 salamanders (Depths:3)
  10 cyclopes
  3 fauns (Shoals:1)
  4 elephants (Lair:5)
  A wolf spider (shapeshifter) (Vaults:2)
  A moth of wrath (Spider:4)
  5 water nymphs
  5 black mambas
  13 vault sentinels
  9 cane toads
  2 unseen horrors
  2 torpor snails
  3 gargoyles
  2 rime drakes
  A yaktaur zombie (Vaults:3)
  2 orange demons (Depths:4)
  2 freezing wraiths
  2 efreet
  10 komodo dragons
  2 ice devils (Depths:4)
  40 yaktaurs
  2 tengu conjurers
  3 harpy zombies (Shoals:4)
  2 hornets
  A hellwing (Depths:4)
  3 redback zombies (Spider:3)
  6 meliai
  4 polar bears
  10 trolls
  21 merfolk
  10 snapping turtles
  26 tarantellas
  3 wind drakes
  10 blink frogs (Lair:5)
  A dream sheep (shapeshifter) (Vaults:1)
  7 tarantella zombies (Spider:3)
  3 culicivora zombies (Spider:3)
  29 slime creatures
  6 water elementals
  An air elemental (Elf:3)
  5 wraiths
  3 wyverns (D:9)
  A vampire (D:12)
  25 culicivoras
  24 jumping spiders
  5 fire elementals
  2 spriggans
  A hog (shapeshifter) (Elf:3)
  3 shadows
  42 yaks
  6 basilisks
  7 vampire mosquitoes
  A chaos spawn (Depths:4)
  44 redbacks
  18 water moccasins
  4 acid dragons
  A floating eye (shapeshifter) (Vaults:5)
  5 floating eyes
  3 ice beasts (D:6)
  2 sky beasts
  32 orc warriors
  3 black bears
  A manticore zombie (Shoals:4)
  9 wolves
  14 ogres
  14 centaurs
  A kobold brigand (D:6)
  A gnoll sergeant (D:13)
  4 earth elementals
  5 bullfrogs
  3 scorpions
  6 wights
  18 killer bees
  4 electric eels
  20 nameless horrors
  7 howler monkeys
  6 jellies
  2 hounds (D:5)
  14 orc priests
  20 orc wizards
  A hell rat (Lair:2)
  2 adders
  7 gnolls
  2 white imps
  3 worms
  A dart slug (D:3)
  47 orcs
  3 bats
  6 endoplasms
  2 giant cockroaches
  2 hobgoblins
  22 kobolds
  A quokka (D:1)
  6 ball pythons
  3 frilled lizards
  4 goblins
  4 rats
  2 spectral weapons (Spider:4)
1364 creatures vanquished.

Vanquished Creatures (collateral kills)
  Margery (Depths:2)
  The ghost of Walofim the Warrior, an adept DrSh of Okawaru (Depths:4)
  3 caustic shrikes (Depths:3)
  A golden dragon (Vaults:5)
  Arachne (Spider:4)
  A tentacled monstrosity (Vaults:5)
  A lich (Vaults:5)
  2 deep elf blademasters
  2 acid blobs (Slime:5)
  2 titans
  A walking divine tome (WizLab)
  A deep elf master archer (Elf:3)
  Polyphemus (Shoals:3)
  An ancient champion (Vaults:3)
  2 shadow dragons (Vaults:5)
  2 tengu reavers
  A strange machine (WizLab)
  2 storm dragons
  2 fire giants
  Donald (Shoals:3)
  Aizul (Spider:3)
  7 frost giants
  6 vault wardens
  4 deep elf sorcerers
  2 emperor scorpions (Spider:4)
  2 orc warlords
  3 deep elf elementalists (Elf:3)
  A quicksilver ooze (Slime:5)
  A reaper (Depths:3)
  A spriggan defender (Depths:4)
  17 very ugly things
  2 broodmothers
  5 stone giants
  8 ironbound preservers
  A vampire knight (Vaults:3)
  4 ironbound thunderhulks
  A formless jellyfish (Vaults:1)
  A draconian annihilator (Depths:4)
  2 deep elf demonologists (Elf:3)
  A yellow draconian (Depths:4)
  A spark wasp (Spider:2)
  2 deep elf annihilators (Elf:3)
  2 red draconians (Depths:4)
  2 dire elephants (Vaults:2)
  4 deep elf death magi
  4 jiangshi (Depths:1)
  3 yaktaur captains (Vaults:5)
  8 ettins
  4 merfolk impalers
  4 merfolk javelineers
  7 fire dragons
  2 entropy weavers
  4 rakshasas (WizLab)
  2 deep elf high priests
  An ice dragon (Depths:2)
  2 great orbs of eyes
  A hydra (Lair:5)
  3 jorogumos
  2 catoblepae
  12 vault guards
  An alligator snapping turtle (Shoals:4)
  4 merfolk avatars
  A spriggan air mage (Depths:1)
  3 merfolk aquamancers
  5 two-headed ogres
  3 death yaks
  An ogre mage (Orc:1)
  2 deep troll shamans (Depths:2)
  3 ironbound frosthearts
  18 dancing weapons
  2 boulder beetles
  A tengu warrior (Depths:4)
  2 vampire magi
  3 spriggan berserkers
  A soul eater (Depths:3)
  A sun demon (Depths:3)
  4 deep elf knights
  4 pharaoh ants
  3 hell knights
  A shadow wraith (Vaults:5)
  14 deep trolls
  A salamander mystic (Depths:3)
  5 sea snakes
  2 nameless horrors
  14 orb spiders
  4 lindwurms
  3 phantasmal warriors (Vaults:5)
  A steelbarb worm (Spider:1)
  A wizard (Depths:1)
  6 ironbound convokers
  4 necromancers
  2 deep elf archers (Elf:2)
  10 deep elf pyromancers
  12 deep elf zephyrmancers
  11 harpies (Shoals:1)
  4 orc knights
  4 fauns
  16 ugly things
  A cyclops (shapeshifter) (Vaults:5)
  A stone giant zombie (Vaults:3)
  A human zombie (Vaults:3)
  4 wolf spiders
  3 manticores
  5 salamanders (Depths:3)
  An elephant (shapeshifter) (Elf:3)
  A shining eye (Slime:2)
  A moth of wrath (Spider:2)
  8 merfolk sirens
  2 water nymphs
  An eye of devastation (Slime:3)
  A torpor snail (Spider:4)
  An orange demon (Lair:1)
  11 vault sentinels
  A rime drake (Lair:3)
  An efreet (D:14)
  A freezing wraith (Vaults:5)
  A tengu conjurer (Depths:4)
  12 yaktaurs
  A red devil (Depths:4)
  A troll (Orc:2)
  20 merfolk
  4 hornets
  A harpy zombie (Shoals:4)
  17 tarantellas
  A blink frog (Lair:5)
  3 wind drakes
  3 snapping turtles
  10 slime creatures
  2 large abominations (Elf:1)
  5 jumping spiders
  13 culicivoras
  5 spriggans
  11 water elementals
  2 air elementals (Elf:2)
  A wyvern (D:9)
  18 yaks
  A hog (Lair:3)
  A basilisk (D:9)
  A neqoxec (Depths:4)
  A steam dragon (D:5)
  3 vampire mosquitoes
  20 redbacks
  2 water moccasins (Lair:2)
  5 orc warriors
  A glowing shapeshifter skeleton (Vaults:3)
  A manticore zombie (Shoals:4)
  2 black bears
  13 ogres
  4 wolves
  A centaur (D:9)
  2 kobold brigands
  2 elf zombies (Elf:1)
  A bullfrog (Lair:3)
  2 wights (D:8)
  3 killer bees
  A howler monkey (D:9)
  4 orc priests
  A gnoll bouda (D:7)
  3 hell rats (Lair:2)
  A sleepcap (D:6)
  4 orc wizards
  3 gnolls (D:7)
  A white imp (D:5)
  13 orcs
  7 kobolds
  A spectral weapon (Spider:4)
627 creatures vanquished.

Vanquished Creatures (others)
  An ancient lich (Vaults:5)
  A dread lich (Vaults:5)
  A golden dragon (Vaults:5)
  2 tentacled monstrosities (Vaults:5)
  A lich (Vaults:5)
  Asterion (Spider:4)
  A quicksilver dragon (Vaults:5)
  3 titans (Vaults:5)
  3 tengu reavers (Vaults:5)
  2 fire giants (Vaults:5)
  A shadow dragon (Vaults:5)
  2 vault wardens (Vaults:5)
  A frost giant (Vaults:5)
  2 ironbound preservers (Vaults:5)
  A war gargoyle (Vaults:5)
  A very ugly thing (Depths:4)
  A vampire knight (Vaults:3)
  A stone giant (Vaults:5)
  A stone giant (shapeshifter) (Vaults:5)
  A deep elf demonologist (Vaults:5)
  An ettin (Vaults:5)
  A deep elf death mage (Vaults:5)
  2 yaktaur captains (Vaults:5)
  14 vault guards (Vaults:5)
  A boulder beetle (shapeshifter) (Vaults:5)
  2 deep elf knights (Elf:3)
  6 deep trolls (Vaults:5)
  3 ironbound convokers (Vaults:5)
  A deep elf archer (Elf:3)
  2 deep elf zephyrmancers
  A deep elf pyromancer (Elf:2)
  An orc knight (Vaults:5)
  An orc sorcerer (Vaults:5)
  A nameless horror (Elf:2)
  A moth of wrath (shapeshifter) (Vaults:5)
  A vault sentinel (Vaults:5)
  A rime drake (shapeshifter) (Vaults:5)
  A slime creature (Slime:5)
  2 humans (Lair:3)
  A redback (Spider:1)
  A bullfrog (Lair:3)
  2 orcs (Vaults:5)
75 creatures vanquished.

Grand Total: 2066 creatures vanquished

Notes
Turn   | Place    | Note
-------+----------+-------------------------------------------
     0 | D:1      | Shard1697 the Draconian Ice Elementalist began the quest
                  | for the Orb.
     0 | D:1      | Reached XP level 1. HP: 14/14 MP: 3/3
   406 | D:1      | Reached XP level 2. HP: 20/20 MP: 5/5
  1279 | D:2      | Reached XP level 3. HP: 22/26 MP: 6/6
  1834 | D:3      | Found a glowing golden altar of the Shining One.
  1844 | D:3      | Found an opulent altar of Gozag.
  1849 | D:3      | Found a shadowy altar of Dithmenos.
  1854 | D:3      | Found a white marble altar of Elyvilon.
  1860 | D:3      | Became a worshipper of Gozag Ym Sagoz the Greedy
  2095 | D:3      | Identified a scroll of acquirement
  2110 | D:3      | Reached skill level 5 in Ice Magic
  2110 | D:3      | Reached XP level 4. HP: 23/33 MP: 3/8
  2117 | D:3      | Learned a level 3 spell: Ozocubu's Armour
  2122 | D:3      | Learned a level 4 spell: Summon Ice Beast
  2150 | D:3      | Acquired 1211 gold pieces
  2946 | D:4      | Reached skill level 1 in Summonings
  3010 | D:4      | Reached XP level 5. HP: 11/38 MP: 7/9
  3259 | D:4      | Reached skill level 2 in Summonings
  3534 | D:4      | Reached XP level 6. HP: 19/45 MP: 7/10
  3676 | D:4      | Reached skill level 3 in Summonings
  3981 | D:5      | Entered Level 5 of the Dungeon
  4021 | D:5      | Found a broken altar of Ashenzari.
  4021 | D:5      | Found an iron altar of Okawaru.
  4032 | D:5      | Noticed a yak
  4032 | D:5      | Noticed a yak
  4032 | D:5      | Noticed a yak
  4033 | D:5      | Found Zusut's Armour Boutique.
  4033 | D:5      | Noticed a yak
  4035 | D:5      | Noticed a yak
  4035 | D:5      | Noticed a yak
  4043 | D:5      | Killed a yak
  4046 | D:5      | Killed a yak
  4047 | D:5      | Reached skill level 4 in Summonings
  4047 | D:5      | Your scales start taking on a pale cyan-grey colour.
  4047 | D:5      | Reached XP level 7. HP: 50/50 MP: 4/11
  4047 | D:5      | Gained mutation: You are immune to the effects of steam.
                  | [Pale Draconian growth]
  4051 | D:5      | Killed a yak
  4051 | D:5      | Killed a yak
  4052 | D:5      | Reached skill level 5 in Summonings
  4055 | D:5      | Killed a yak
  4056 | D:5      | Reached XP level 8. HP: 44/57 MP: 5/12
  4059 | D:5      | Reached skill level 6 in Summonings
  4088 | D:5      | Bought the +0 pair of fencer's gloves {Riposte Dex+3} for
                  | 440 gold pieces
  4088 | D:5      | Found the +0 pair of fencer's gloves {Riposte Dex+3}
  4165 | D:5      | Acquired the amulet "Hiell" {Reflect Int+2 SH+5}
  4211 | D:5      | Reached skill level 1 in Fighting
  4800 | D:5      | Reached skill level 5 in Fighting
  5157 | D:6      | Reached XP level 9. HP: 49/79 MP: 8/13
  6081 | D:6      | Found a staircase to the Ecumenical Temple.
  6213 | D:6      | Reached skill level 1 in Maces & Flails
  6907 | D:7      | Found Kuoshan's Magic Scroll Shop.
  6930 | D:7      | Bought a scroll of summoning for 104 gold pieces
  6930 | D:7      | Bought 2 scrolls of enchant armour for 165 gold pieces
  6930 | D:7      | Bought a scroll of teleportation for 33 gold pieces
  6930 | D:7      | Bought a scroll of teleportation for 33 gold pieces
  6930 | D:7      | Bought a scroll of teleportation for 33 gold pieces
  6930 | D:7      | Bought a scroll of fog for 44 gold pieces
  7232 | D:7      | Found Qirph's Jewellery Emporium.
  7369 | D:7      | Reached skill level 5 in Maces & Flails
  7469 | D:7      | Found Soufihow's Armour Shop.
  7476 | D:7      | Bought a +0 pair of boots for 54 gold pieces
  7532 | D:7      | Found an ornate altar of the Wu Jian Council.
  7532 | D:7      | Found a shimmering altar of Xom.
  7533 | D:7      | Found a hide-covered altar of Uskayaw.
  7591 | D:7      | Found Omid's Armour Boutique.
  7868 | D:7      | Found a stormy altar of Qazlal.
  8333 | D:8      | Reached XP level 10. HP: 87/91 MP: 14/14
  8742 | D:8      | Noticed Erica
  8801 | D:8      | Killed Erica
  9489 | D:7      | Bought a +2 kite shield of protection for 279 gold pieces
  9620 | D:9      | Reached skill level 1 in Shields
 10165 | D:9      | Reached skill level 7 in Summonings
 10388 | D:7      | Bought the ring of Knowledge {rElec AC+4 Int+3} for 675
                  | gold pieces
 10594 | D:9      | Found a staircase to the Lair.
 10619 | D:9      | Reached XP level 11. HP: 97/97 MP: 11/15
 10721 | D:9      | Found a staircase to the Orcish Mines.
 11181 | D:10     | Entered Level 10 of the Dungeon
 11195 | D:10     | Found a burning altar of Makhleb.
 11299 | D:10     | Found a transporter.
 11316 | D:10     | Found a transporter.
 11504 | D:10     | Found Biczoo's One-of-a-Kind Rings.
 11527 | D:10     | Found an ancient bone altar of Kikubaaqudgha.
 11743 | D:10     | Noticed a two-headed ogre
 11749 | D:10     | Killed a two-headed ogre
 11750 | D:10     | Reached skill level 8 in Summonings
 11805 | D:10     | Reached skill level 5 in Shields
 11829 | D:10     | Learned a level 2 spell: Blink
 12147 | D:11     | Reached skill level 1 in Translocations
 12349 | D:11     | Reached skill level 10 in Maces & Flails
 12976 | Lair:1   | Entered Level 1 of the Lair of Beasts
 12985 | Lair:1   | Noticed a death yak
 12985 | Lair:1   | Noticed a death yak
 12988 | Lair:1   | Noticed a death yak
 13022 | D:9      | Killed a death yak
 13023 | D:9      | HP: 4/99 [death yak (12)]
 13030 | D:9      | Killed a death yak
 13317 | D:9      | Killed a death yak
 13318 | D:9      | Reached XP level 12. HP: 98/106 MP: 10/16
 13345 | Lair:1   | Reached skill level 10 in Fighting
 13687 | Lair:1   | Found a runed translucent gate.
 13687 | Lair:1   | Found a runed translucent gate.
 13687 | Lair:1   | Found a runed translucent gate.
 13687 | Lair:1   | Noticed Quretux's ghost (novice GnHs)
 13978 | Lair:1   | Noticed Amaemon
 13990 | Lair:1   | Killed Amaemon
 14498 | Lair:1   | Killed Quretux's ghost
 14622 | Lair:2   | Reached skill level 5 in Translocations
 15196 | Lair:2   | Found a hole to the Spider Nest.
 15483 | Lair:2   | Learned a level 7 spell: Summon Hydra
 15887 | Lair:2   | Found a staircase to the Shoals.
 16214 | Lair:3   | Noticed Kirke
 16228 | Lair:3   | Killed Kirke
 16230 | Lair:3   | Noticed Nergalle
 16249 | Lair:3   | Killed Nergalle
 16719 | Lair:3   | Reached XP level 13. HP: 86/113 MP: 19/19
 17426 | Lair:4   | Found a runed translucent gate.
 17426 | Lair:4   | Found a runed translucent gate.
 17428 | Lair:4   | Found a runed translucent gate.
 17428 | Lair:4   | Noticed knightboat's ghost (journeyman DrSh)
 17459 | Lair:4   | Reached skill level 9 in Summonings
 17818 | Lair:4   | Identified the amulet "Ihain" {Reflect +Inv rElec SH+5}
 17858 | Lair:4   | Reached skill level 5 in Spellcasting
 18134 | Lair:4   | Killed knightboat's ghost
 18170 | Lair:5   | Entered Level 5 of the Lair of Beasts
 19044 | Lair:5   | Reached skill level 10 in Summonings
 19211 | Lair:5   | Reached skill level 10 in Shields
 19500 | Lair:5   | Found a staircase to the Slime Pits.
 19506 | Lair:5   | Got Seidecei's Compendium of Destined Resurrection
 19659 | Lair:5   | Reached XP level 14. HP: 62/121 MP: 17/23
 19918 | Lair:5   | Got Eckege Ziavu's Folio of the Overhead Door
 20235 | D:7      | Bought a scarf of resistance for 384 gold pieces
 20320 | Orc:1    | Entered Level 1 of the Orcish Mines
 20320 | Orc:1    | Found Veus's General Store.
 20460 | Orc:1    | Bought a scroll of blinking for 105 gold pieces
 20460 | Orc:1    | Bought a potion of ambrosia for 112 gold pieces
 21146 | Orc:2    | Entered Level 2 of the Orcish Mines
 21171 | Orc:2    | Reached skill level 11 in Summonings
 22341 | Orc:2    | Found a staircase to the Elven Halls.
 22394 | Orc:2    | Found Eliy's Distillery.
 22394 | Orc:2    | Found Hiyfalyx's Weapon Shop.
 22395 | Orc:2    | Found Heashe's Antique Armour Boutique.
 22395 | Orc:2    | Found Qutwem's Assorted Antiques.
 22403 | Orc:2    | Bought a potion of might for 60 gold pieces
 22403 | Orc:2    | Bought a potion of curing for 45 gold pieces
 22403 | Orc:2    | Bought a potion of curing for 45 gold pieces
 22407 | Orc:2    | Bought an embroidered cloak for 157 gold pieces
 22528 | Orc:2    | Noticed an orc warlord
 22595 | Orc:1    | Killed an orc warlord
 24344 | D:12     | Reached skill level 12 in Summonings
 24540 | D:13     | Found Caideo's Jewellery Emporium.
 25038 | D:13     | Reached XP level 15. HP: 117/126 MP: 20/25
 25972 | D:14     | Found a gate to the Vaults.
 26020 | D:14     | Reached skill level 15 in Maces & Flails
 26293 | D:14     | Found a transporter.
 26308 | D:14     | Noticed Opnastoc's ghost (journeyman MiBe)
 26309 | D:14     | Found a bloodstained altar of Trog.
 26327 | D:14     | Found a transporter.
 26735 | D:14     | Found a radiant altar of Vehumet.
 26799 | D:14     | Noticed Nessos
 26807 | D:14     | Killed Nessos
 27011 | D:15     | Entered Level 15 of the Dungeon
 27025 | D:15     | Reached skill level 13 in Summonings
 27900 | D:15     | Found a staircase to the Depths.
 28145 | D:15     | Found a stormy altar of Qazlal.
 28984 | Spider:1 | Entered Level 1 of the Spider Nest
 29934 | Spider:1 | Reached XP level 16. HP: 110/134 MP: 23/26
 30291 | Spider:1 | Reached skill level 14 in Summonings
 30561 | Spider:1 | Noticed Mlioglotl
 30584 | Spider:1 | Killed Mlioglotl
 32334 | Spider:2 | Reached skill level 15 in Summonings
 32404 | Spider:2 | Reached skill level 15 in Shields
 32820 | Spider:2 | You fall into a shaft and drop 1 floor!
 34461 | Spider:3 | Identified the +5 trident of the Mushroom {freeze, Fragile
                  | rF+ rCorr Dex+5}
 34943 | Spider:3 | Reached XP level 17. HP: 123/135 MP: 21/29
 34950 | Spider:3 | Noticed Aizul
 34960 | Spider:3 | Killed Aizul
 35167 | Spider:3 | Identified the +4 robe of the Nurturing Gods {Will+}
 35470 | Spider:3 | Reached skill level 16 in Summonings
 35682 | Spider:3 | Reached skill level 5 in Dodging
 35840 | Spider:4 | Entered Level 4 of the Spider Nest
 36528 | Spider:4 | Learned a level 4 spell: Passage of Golubria
 36533 | Spider:4 | Learned a level 4 spell: Manifold Assault
 36578 | Spider:4 | Gained mutation: You are clumsy. (Dex -2) [mutagenic glow]
 36826 | Spider:4 | Noticed Asterion
 37009 | Spider:4 | Killed Asterion
 37391 | Spider:4 | Noticed Arachne
 37403 | Spider:4 | Killed Arachne
 38482 | Spider:4 | HP: 4/129 [wolf spider (5)]
 40039 | Spider:4 | Noticed Mara
 40051 | Spider:4 | Noticed Shard1697's illusion
 40082 | Spider:4 | Reached skill level 10 in Dodging
 40159 | Spider:4 | Noticed Shard1697's illusion
 40224 | Spider:3 | Killed Mara
 40601 | Spider:4 | Got a gossamer rune of Zot
 40790 | Spider:4 | Learned a level 2 spell: Sublimation of Blood
 40919 | Shoals:1 | Entered Level 1 of the Shoals
 40938 | Shoals:1 | Reached XP level 18. HP: 136/147 MP: 10/30
 40940 | Shoals:1 | Reached skill level 1 in Evocations
 40954 | Shoals:1 | Found a transporter.
 40959 | Shoals:1 | Found a transporter.
 41068 | Shoals:1 | Reached skill level 1 in Necromancy
 41088 | Shoals:1 | Found a transporter.
 41180 | Shoals:1 | Found a transporter.
 41184 | Shoals:1 | Found a transporter.
 41981 | Shoals:1 | Found a transporter.
 44169 | Shoals:3 | Noticed Polyphemus
 44192 | Shoals:3 | Killed Polyphemus
 44207 | Shoals:2 | Reached skill level 5 in Evocations
 44482 | Shoals:3 | Noticed Donald
 44494 | Shoals:3 | Killed Donald
 44795 | Shoals:3 | Found Guamny's Mass Market.
 44815 | Shoals:3 | Noticed Bai Suzhen
 44827 | Shoals:3 | Found Xilamanu's General Store.
 44849 | Shoals:3 | Bought a potion of enlightenment for 75 gold pieces
 44928 | Shoals:4 | Entered Level 4 of the Shoals
 44928 | Shoals:4 | Found Wiecvum's General Store.
 45154 | Shoals:4 | Reached skill level 5 in Necromancy
 45310 | Shoals:4 | Got a barnacled rune of Zot
 45637 | Shoals:4 | Identified the +8 mace of Wipnoxt {freeze, rElec rPois
                  | Str+3 Dex-5}
 45671 | Shoals:4 | Got Dispater's Catalogue of the Lithosphere
 46259 | Shoals:4 | Identified the ring of Ushos {rPois Str+2}
 46607 | Shoals:4 | Identified the +9 demon trident "Juloun" {freeze, rC+ Str+3
                  | Int+2}
 47246 | Vaults:1 | Entered Level 1 of the Vaults
 47254 | Vaults:1 | Reached XP level 19. HP: 122/160 MP: 17/31
 48377 | D:7      | Bought the ring of Apiquisi {AC+4 Str+3 Int+3} for 667 gold
                  | pieces
 48544 | Vaults:1 | Learned a level 8 spell: Summon Horrible Things
 48593 | Vaults:1 | Reached skill level 17 in Summonings
 50039 | Vaults:2 | Reached skill level 18 in Summonings
 50278 | Vaults:2 | Noticed Jory
 50447 | Vaults:2 | Killed Jory
 50956 | Vaults:2 | Identified the ring of Keub {rC+ Int+5}
 51386 | Vaults:2 | Found the +3 pair of seven-league boots {Rampage+∞}
 51779 | Vaults:3 | Reached XP level 20. HP: 170/170 MP: 16/33
 51794 | Vaults:3 | Reached skill level 10 in Spellcasting
 51958 | Vaults:3 | Reached skill level 19 in Summonings
 52235 | Vaults:3 | Found a staircase to the Crypt.
 53445 | Vaults:4 | Found a flickering gateway to a bazaar.
 53458 | Bazaar   | Entered a bazaar
 53472 | Bazaar   | Found Wuym's Distillery.
 53477 | Bazaar   | Bought a potion of curing for 33 gold pieces
 53477 | Bazaar   | Bought 2 potions of curing for 66 gold pieces
 53477 | Bazaar   | Bought a potion of haste for 110 gold pieces
 53477 | Bazaar   | Bought a potion of curing for 33 gold pieces
 53477 | Bazaar   | Bought 2 potions of curing for 66 gold pieces
 53477 | Bazaar   | Bought a potion of curing for 33 gold pieces
 53502 | Bazaar   | Found Fiadghexi's Book Shoppe.
 53510 | Bazaar   | Bought a manual of Dodging for 880 gold pieces
 53521 | Bazaar   | Found Haf Ise's Jewellery Emporium.
 53521 | Bazaar   | Found Poatawu's Armour Shoppe.
 53543 | Bazaar   | Found Jopaashre's Magic Scroll Emporium.
 53543 | Bazaar   | Found Tazacokh's Antique Armour Shoppe.
 53547 | Bazaar   | Bought a scroll of blinking for 67 gold pieces
 53547 | Bazaar   | Bought a scroll of teleportation for 27 gold pieces
 53547 | Bazaar   | Bought a scroll of fear for 36 gold pieces
 53547 | Bazaar   | Bought a scroll of enchant armour for 67 gold pieces
 53547 | Bazaar   | Bought a scroll of enchant weapon for 67 gold pieces
 53711 | Vaults:4 | Found Kimubrent's Weapon Emporium.
 53732 | Vaults:4 | Reached skill level 5 in Stealth
 53919 | Vaults:4 | Found Aher's Book Shoppe.
 53970 | Vaults:4 | Bought a manual of Maces & Flails for 1440 gold pieces
 54155 | Vaults:4 | Found Zuvvuqac's Weapon Boutique.
 54299 | Vaults:4 | Found Pafelabets's Magic Scroll Shoppe.
 54308 | Vaults:4 | Bought 2 scrolls of teleportation for 120 gold pieces
 54308 | Vaults:4 | Bought a scroll of fear for 80 gold pieces
 54308 | Vaults:4 | Bought a scroll of fog for 80 gold pieces
 54473 | Vaults:4 | Identified the +6 arbalest of Light {flame, +Blink rN+
                  | Will-}
 54801 | Vaults:4 | Identified the amulet "Aquubepp" {Reflect rElec Will-
                  | Regen+ rCorr SH+5}
 54858 | Vaults:5 | Entered Level 5 of the Vaults
 55031 | Vaults:5 | Noticed a golden dragon
 55036 | Vaults:5 | Killed a golden dragon
 55114 | Vaults:5 | Noticed a golden dragon
 55120 | Vaults:5 | Killed a golden dragon
 55181 | Vaults:5 | Identified the +2 rapier of the Snake Pit {pain, rElec
                  | Will+ Stlth+}
 55499 | Vaults:5 | Noticed an ancient lich
 55516 | Vaults:5 | Killed an ancient lich
 55524 | Vaults:5 | Noticed a dread lich
 55546 | Vaults:5 | Noticed an ancient lich
 55599 | Vaults:5 | Reached skill level 15 in Dodging
 55648 | Vaults:5 | Killed a dread lich
 56053 | Vaults:5 | Got a silver rune of Zot
 56060 | Vaults:5 | Killed an ancient lich
 56078 | Vaults:5 | Reached XP level 21. HP: 177/177 MP: 35/35
 56087 | Vaults:5 | Identified the +1 great mace "Ahaympum" {heavy, rF++ rC++}
 56089 | Vaults:5 | Identified the +8 sling of Oshruemn {drain, +Blink}
 56089 | Vaults:5 | Identified the +5 rapier "Keap" {freeze, Drain Str-2 Dex+8}
 56105 | Vaults:5 | Identified the +5 ring mail of Agoraphobia {rPois rF- rN+}
 56564 | Vaults:5 | Got Yruwniph's Vellum of Ceraunoscopy and Lava
 56586 | Vaults:5 | Identified the staff "Senuv" {rElec rN+ Int+4 Air}
 56596 | Vaults:5 | Got the Teachings on Generation and the Morgue
 57243 | Elf:1    | Entered Level 1 of the Elven Halls
 57399 | Elf:1    | Found a magical portal.
 57503 | WizLab   | Entered Tukima's Studio
 57919 | WizLab   | Noticed Shard1697's illusion
 57932 | WizLab   | Identified the +2 hat of Muyl {rN+ Int+3}
 57957 | WizLab   | Identified the +1 triple crossbow of the Peculiar Prophets
                  | {speed, Dex+2}
 58596 | Elf:1    | Found Unlu's Weapon Emporium.
 58618 | Elf:1    | Found Buycyut's Vocational Training.
 58927 | Elf:1    | Got the Information on Gloom
 59038 | Elf:2    | Paralysed by an air elemental for 1 turns
 59536 | Elf:2    | Paralysed by an air elemental for 1 turns
 59546 | Elf:2    | Paralysed by an air elemental for 1 turns
 59815 | Elf:2    | Found Essaen Xuini's Jewellery Shop.
 59840 | Elf:2    | Bought a talisman of death for 1705 gold pieces
 59846 | Elf:2    | Bought the ring of the Mage {Wiz Archmagi} for 765 gold
                  | pieces
 59846 | Elf:2    | Found the ring of the Mage {Wiz Archmagi}
 59897 | Elf:2    | Found a runed translucent gate.
 59897 | Elf:2    | Found a runed translucent gate.
 59897 | Elf:2    | Found a runed translucent gate.
 60410 | Elf:2    | Reached skill level 20 in Summonings
 60684 | Elf:3    | Entered Level 3 of the Elven Halls
 60941 | Elf:3    | Identified the +4 spear "Nigal" {spect, rElec rN+ Str-3}
 60987 | Elf:3    | Reached XP level 22. HP: 163/190 MP: 29/36
 61686 | Elf:3    | Reached skill level 15 in Fighting
 61893 | Elf:3    | Identified the +8 chain mail of Vyrik {SInv}
 61906 | Elf:3    | Identified the +5 leather armour "Ydot" {rPois}
 62017 | Elf:3    | Identified the ring "Wub Tos" {rPois Will- Str+2 Dex+6
                  | Stlth+}
 62025 | Elf:3    | Identified the staff "Impbane" {rN+ Necro Ice}
 62101 | Elf:3    | Identified the +5 hand axe "Icwacw" {protect, rPois}
 62905 | Depths:1 | Entered Level 1 of the Depths
 63307 | Depths:1 | Found a gateway to Hell.
 63315 | Depths:1 | Reached skill level 21 in Summonings
 64361 | Depths:1 | Found a one-way gateway to a ziggurat.
 64653 | Depths:1 | Paralysed by something for 3 turns
 64765 | Depths:1 | Found a portal to a secret trove of treasure.
 64935 | Depths:2 | Identified the ring of Guash {Fly rElec rPois Will+}
 65122 | Depths:2 | Found a transporter.
 65306 | Depths:2 | Reached XP level 23. HP: 197/206 MP: 28/37
 65317 | Depths:2 | Identified the ring of Utuntiuh {rF+ rC+ Stlth+}
 65357 | Depths:2 | Reached skill level 22 in Summonings
 65533 | Depths:2 | Identified the ring of Dips {rF+ rN+ EV+5}
 65630 | Depths:2 | Found a stormy altar of Qazlal.
 65674 | Depths:2 | Noticed Margery
 65697 | Depths:2 | Killed Margery
 65959 | Depths:2 | Found a transporter.
 66033 | Depths:2 | Found a white marble altar of Elyvilon.
 66217 | Depths:2 | Found a one-way gate leading to the halls of Pandemonium.
 66424 | Depths:3 | Found a one-way gate to the infinite horrors of the Abyss.
 66565 | Depths:3 | Found a white marble altar of Elyvilon.
 66811 | Depths:3 | Reached skill level 23 in Summonings
 67830 | Depths:3 | Found an opulent altar of Gozag.
 68108 | Depths:4 | Entered Level 4 of the Depths
 68108 | Depths:4 | Noticed a caustic shrike
 68108 | Depths:4 | Noticed a caustic shrike
 68109 | Depths:4 | Noticed a caustic shrike
 68109 | Depths:4 | Noticed a caustic shrike
 68183 | Depths:3 | Killed a caustic shrike
 68184 | Depths:3 | Reached skill level 24 in Summonings
 68280 | Depths:3 | Killed a caustic shrike
 68285 | Depths:3 | Killed a caustic shrike
 68286 | Depths:3 | Killed a caustic shrike
 68839 | Depths:4 | Found a runed translucent door.
 68840 | Depths:4 | Noticed Walofim's ghost (adept DrSh)
 68867 | Depths:4 | Reached XP level 24. HP: 196/217 MP: 37/37
 69011 | Depths:4 | Reached skill level 25 in Summonings
 69430 | Depths:4 | Found a gate to the Realm of Zot.
 69749 | Depths:4 | Killed Walofim's ghost
 70201 | Slime:1  | Entered Level 1 of the Pits of Slime
 70251 | Slime:1  | Bought a manual of Stealth for 1120 gold pieces
 70273 | Slime:2  | Gained mutation: You occasionally lose the ability to drink
                  | potions when taking damage. [a shining eye]
 70279 | Slime:2  | Gained mutation: You sometimes lose your temper in combat.
                  | [a shining eye]
 70533 | Slime:4  | Lost mutation: You are clumsy. (Dex -2) [potion of
                  | mutation]
 70533 | Slime:4  | Lost mutation: You sometimes lose your temper in combat.
                  | [potion of mutation]
 70533 | Slime:4  | Lost mutation: You occasionally lose the ability to drink
                  | potions when taking damage. [potion of mutation]
 70533 | Slime:4  | Gained mutation: Your tail ends in a venomous barb. [potion
                  | of mutation]
 70581 | Slime:5  | Entered Level 5 of the Pits of Slime
 70690 | Slime:5  | Found a viscous altar of Jiyva.
 70690 | Slime:5  | Noticed the Royal Jelly
 70698 | Slime:5  | Paralysed by a great orb of eyes for 4 turns
 70700 | Slime:5  | HP: 6/217 [acid blob/splash of acid (11)]
 70700 | Slime:5  | HP: 2/217 [acid (3)]
 70701 | Slime:5  | Engulfed by a cloud of flame

Illustrated notes

Levels and vault maps discovered:
D:1:      dpeg_arrival_solitude, layout_basic, minmay_misc_feat_x
D:2:      layout_basic, minmay_goblin_kobold_house
D:3:      layout_basic, grunt_temple_overflow_cloverleaf,
          amcnicky_mini_rare_corridor_liquid
D:4:      layout_basic
D:5:      layout_loops_cross, mainiacjoe_overflow_large_starburst, serial_shops,
          nicolae_shop_tiny_glass
D:6:      layout_layer_cave, minmay_temple_entry_fiery
D:7:      layout_loops_corners, nicolae_overflow_quartered_altars, serial_shops,
          nicolae_shop_getting_attention, nicolae_shop_tiny_real_fake_doors,
          shop, shop, kennysheep_diamond
D:8:      layout_basic, small_chamber_with_monster, uniq_erica
D:9:      layout_layer_cave, minmay_lair_entry_grove
D:10:     gammafunk_worm_tunnel, layout_long_grid, lemuel_round_altar,
          kiku_gazebo_pond_becter, minmay_misc_feat_rows,
          nicolae_shop_unique_rings, serial_bayou_pond_e
D:11:     layout_loops_cross
D:12:     layout_roguey
D:13:     layout_basic, serial_shops, nicolae_shop_waterfront,
          onia_ninara_cookie
D:14:     layout_roguey, lightli_vaults_fourway_checkpoint,
          gammafunk_ghost_wrathful_warriors, serial_rivers,
          chequers_serial_rivers_room_a, chequers_serial_rivers_large_a,
          chequers_serial_rivers_large_b, chequers_serial_rivers_small_3,
          chequers_serial_rivers_room_b, chequers_serial_rivers_small_a,
          vehumet_crystals, minmay_protected_statue, uniq_nessos
D:15:     hangedman_depths_entry_civil_slaughter, layout_gridville,
          grunt_qazlal_clouds, grunt_decor_junction
Lair:1:   layout_regular_city, ebering_ghost_rock_garden, uniq_amaemon
Lair:2:   layout_layer_cave, minmay_shoals_entry_hut,
          nicolae_spider_entry_lesser_pyramids, st_stairs_10,
          grunt_forest_large_clearings
Lair:3:   dreamdust_cave_troll, layout_hall_layers, grunt_forest_stairs_basic,
          evilmike_ambush [evilmike_ambush_outer_corners,
          evilmike_ambush_inner_basic], uniq_nergalle, uniq_kirke
Lair:4:   layout_long_grid, ebering_ghost_rock_garden, infiniplex_staircase_pool
Lair:5:   grunt_lair_end_beastmaster, layout_hall_layers,
          nicolae_slime_entry_field_trip, grunt_megastairs_2
Shoals:1: layout_shoals, nicolae_shoals_cliffside_cave, serial_nicolae_subway,
          nicolae_sub_station_metal, nicolae_sub_station_stone,
          nicolae_sub_station_crystal
Shoals:2: layout_shoals
Shoals:3: nicolae_shoals_lighthouse, layout_shoals, serial_shops, shop,
          nicolae_shoals_seven_spires, minmay_shop_mass, uniq_donald,
          uniq_bai_suzhen, uniq_polyphemus
Shoals:4: shoals_end_simple, layout_shoals, serial_shops, shop,
          nicolae_shoals_undead_eyrie
Spider:1: layout_cave_pods, uniq_mlioglotl
Spider:2: layout_spider_delve, nicolae_spider_paper_wasps
Spider:3: lemuel_spider_zombies, uniq_aizul
Spider:4: hellmonk_spider_rune_endless_swarm, nicolae_spider_nooks_and_crannies,
          uniq_arachne, uniq_mara, uniq_asterion
Slime:1:  layout_caves
Slime:2:  layout_caves, uniq_dissolution
Slime:3:  layout_caves
Slime:4:  layout_caves, cheibrodos_slime_lost_civilization_7
Slime:5:  slime_pit_nicolae_trefoil
Orc:1:    layout_diamond_mine, serial_shops, shop_statue, special_room
          [special_room_orc]
Orc:2:    st_orc_ogre_mass, layout_caves, basic_altar, gauntlet_entry_generic
Elf:1:    nicolae_elf_arrival_fired_up, layout_geoelf_grid, serial_shops, shop,
          infiniplex_enter_wizlab_water, minmay_elf_necromancy,
          nicolae_shop_vocational
Elf:2:    elven_hall_of_blades_hangedman_original [grunt_blade_entry_basic],
          layout_geoelf_octagon, serial_shops, shop_statue
Elf:3:    minmay_elf_hall_x, layout_loops_corners, grunt_megastairs_4
Vaults:1: nicolae_vaults_ellipses_ellipsis, hangedman_vaults_trim,
          nicolae_vaults_c_with_doors, vaults_mumra_hex, v_misc_29,
          vaults_room_boxed, vaults_room_large_hall,
          nicolae_vaults_little_squares_4, hangedman_vaults_variations,
          ontoclasm_vaults_loading_screen, nicolae_vaults_storage_room_doors,
          nicolae_vaults_offset_grid_hallway_3, nicolae_vaults_house_3,
          layout_vaults_ring
Vaults:2: nicolae_vaults_quartermaster, nicolae_vaults_offset_grid_hallway_1,
          nicolae_vaults_six-pack, ontoclasm_vaults_twist, v_rooms_6,
          nicolae_vaults_stairing_the_circle, nicolae_vaults_layer_cake_slice,
          nicolae_vaults_apartment_1, v_misc_4, v_pattern_2, v_misc_33,
          layout_vaults_big_room, uniq_jory
Vaults:3: nicolae_vaults_closet_pinwheel_5, nicolae_vaults_hexular_roomagon,
          nicolae_vaults_wrenched, minmay_crypt_entry_simple_sparse,
          hangedman_vaults_unwind, nicolae_vaults_cochlea,
          hangedman_vaults_stagger, nicolae_vaults_tetromino_L_1,
          nicolae_vaults_trapezoid_1, nicolae_vaults_oval_intersection,
          layout_vaults_omnicross
Vaults:4: nicolae_vaults_offset_grid_hallway_2, ontoclasm_vaults_hangar,
          nicolae_vaults_hexular_roomagon,
          nicolae_vaults_taking_the_gang_shopping, nicolae_vaults_network_star,
          nicolae_vaults_yaktaur_gun_rack, nicolae_vaults_alarming,
          vaults_dpeg_ring, nicolae_vaults_surprise_closet_hard,
          layout_vaults_quadrants, serial_shops, bzr_entry_gold, shop, shop,
          nicolae_shop_peninsula
Vaults:5
Depths:1: layout_roguey, enter_ziggurat_e, enter_trove_5,
          minmay_misc_feat_four_crosses, grunt_mini_vestibule,
          hangedman_abyss_or_decor_stabs, nicolae_titane
Depths:2: hangedman_spin_cycle, hell_entry, pan_entry
Depths:3: grunt_deathspiral_small, layout_cave_pools, abyss_entry,
          grunt_gozag_breadcrumbs, hellmouth_1, elyvilon_altar_3,
          infiniplex_staircase_zigzag_5
Depths:4: grunt_twist_and_shout, layout_cave_pools, ebering_ghost_inner_flame,
          serial_sigils_hangedman_gut, abyss_entry_crystal,
          grunt_pan_entry_zigzag, hell_entry

Skill      XL: |  1  2  3  4  5  6  7  8  9 10 11 12 13 14 15 16 17 18 19 20 21 22 23 24 |
---------------+-------------------------------------------------------------------------+-----
Ice Magic      | 5 6 7 8 9 |  9.6
Summonings     | 1 2 4 5 6 7 8 10 12 13 15 16 18 19 20 21 24 25 | 25.8
Spellcasting   | 3 4 6 7 8 9 10 | 10.0
Fighting       | 7 9 10 12 14 17 18 | 18.2
Maces & Flails | 6 9 10 11 13 14 15 16 18 21 | 21.0
Shields        | 3 6 8 10 12 13 15 | 15.0
Translocations | 3 6 |  6.0
Dodging        | 3 10 12 15 17 | 17.0
Evocations     | 7 8 |  8.2
Necromancy     | 5 |  5.0
Stealth        | 5 |  5.2

Action                     |  1- 3 |  4- 6 |  7- 9 | 10-12 | 13-15 | 16-18 | 19-21 | 22-24 || total
---------------------------+-------+-------+-------+-------+-------+-------+-------+-------++-------
  Melee: Short sword       |    81 |    85 |   104 |       |       |       |       |       ||   270
         Unarmed           |     8 |       |       |     3 |       |       |       |       ||    11
         Club              |     2 |       |       |       |       |       |       |       ||     2
         Tailslap          |     5 |     8 |    31 |    90 |   318 |   403 |   338 |   437 ||  1630
         Punch             |       |       |     4 |       |       |       |       |       ||     4
         Morningstar       |       |       |    60 |   430 |  1032 |  1343 |  1178 |  1267 ||  5310
   Cast: Freeze            |    17 |     8 |    10 |     6 |       |       |       |       ||    41
         Ozocubu's Armour  |       |     2 |     2 |    10 |    25 |    10 |       |     1 ||    50
         Summon Ice Beast  |       |     1 |    20 |    43 |    71 |    16 |       |       ||   151
         Blink             |       |       |       |       |     2 |       |       |       ||     2
         Summon Hydra      |       |       |       |       |       |   146 |    70 |    33 ||   249
         Manifold Assault  |       |       |       |       |       |     6 |       |       ||     6
         Sublimation of Bl |       |       |       |       |       |       |     3 |     4 ||     7
         Summon Horrible T |       |       |       |       |       |       |    39 |    47 ||    86
 Invoke: Potion Petition   |       |     2 |       |     1 |       |     2 |     2 |       ||     7
         Bribe Branch      |       |       |       |       |       |       |     1 |       ||     1
         Call Merchant     |       |       |       |       |       |       |       |     2 ||     2
Ability: Breathe Steam     |       |       |     8 |     1 |     4 |     2 |       |       ||    15
  Evoke: Wand              |       |       |     5 |       |       |     1 |     2 |       ||     8
         Lightning rod     |       |       |       |       |       |       |       |     6 ||     6
         Condenser vane    |       |       |       |       |       |       |       |     3 ||     3
    Use: Scroll            |     6 |     2 |    13 |    14 |     7 |    11 |     8 |     1 ||    62
         Potion            |     1 |     1 |       |     2 |     6 |     8 |     4 |     5 ||    27
   Stab: Sleeping          |     6 |     1 |     1 |     4 |     3 |     3 |     6 |     4 ||    28
         Distracted        |       |     1 |       |     8 |    10 |    21 |    15 |    16 ||    71
         Petrified         |       |       |       |       |     2 |       |       |       ||     2
         Held in net/web   |       |       |       |       |       |     1 |       |       ||     1
         Paralysed         |       |       |       |       |       |       |     1 |       ||     1
 Armour: Skin              |    32 |    18 |    49 |   190 |   296 |   372 |   243 |   288 ||  1488
  Dodge: Dodged            |    59 |    32 |    90 |   153 |   250 |   469 |   318 |   555 ||  1926
  Block: Other             |       |       |    45 |     9 |       |       |       |       ||    54
         Reflection        |       |       |     4 |    14 |    37 |    50 |   106 |    23 ||   234
         Kite shield       |       |       |       |   417 |  1061 |  1641 |   930 |  1100 ||  5149
Riposte: Short sword       |       |       |    16 |       |       |       |       |       ||    16
         Morningstar       |       |       |    12 |   172 |   373 |   573 |   330 |   411 ||  1871

Table legend: (Time is in decaauts)
 A = Elapsed time spent in this place.
 B = Non-inter-level travel time spent in this place.
 C = Inter-level travel time spent in this place.
 D = Time resting spent in this place.
 E = Time spent auto-exploring this place.
 F = Levels seen in this place.
 G = Mean time per level.
                   A        B        C        D        E       F      G
               +--------+--------+--------+--------+--------+-----+--------+
         Total |  70437 |  66871 |   3566 |  13790 |  37077 |  49 | 1437.5 |
       Dungeon |  20368 |  18442 |   1926 |   3082 |  11961 |  15 | 1357.9 |
          Lair |   7376 |   7044 |    332 |    750 |   4933 |   5 | 1475.2 |
        Shoals |   6239 |   6023 |    216 |   1669 |   2863 |   4 | 1559.8 |
   Spider Nest |  11523 |  11234 |    289 |   4222 |   4210 |   4 | 2880.8 |
    Slime Pits |    501 |    501 |      0 |     87 |     55 |   5 |  100.2 |
  Orcish Mines |   2828 |   2584 |    244 |    621 |   1191 |   2 | 1414.0 |
   Elven Halls |   4797 |   4672 |    125 |    777 |   2708 |   3 | 1599.0 |
        Vaults |   9197 |   8966 |    231 |   1349 |   5323 |   5 | 1839.4 |
        Depths |   6879 |   6679 |    200 |    924 |   3813 |   4 | 1719.8 |
        Bazaar |    114 |    114 |      0 |      0 |      0 |   1 |  114.0 |
        Wizlab |    610 |    610 |      0 |    308 |     18 |   1 |  610.0 |
               +--------+--------+--------+--------+--------+-----+--------+

Top non-repeatable levels by time:
Spider:4: 3813 daAuts
Spider:1: 2982 daAuts
Spider:3: 2746 daAuts
Vaults:1: 2476 daAuts
Shoals:2: 2258 daAuts
     D:8: 2199 daAuts
Shoals:4: 2120 daAuts
Vaults:5: 2110 daAuts
  Lair:2: 2089 daAuts
Depths:3: 2003 daAuts
  Lair:5: 1981 daAuts
Spider:2: 1981 daAuts
   Elf:3: 1934 daAuts
Depths:1: 1889 daAuts
     D:6: 1853 daAuts
